 Dungeon Crawl Stone Soup version 0.30.0 (webtiles) character file.

Game seed: 10277592484597951959

2172 Minorbread the Conjurer (level 9, 0/74 HPs)
             Began as a Yellow Draconian Fire Elementalist on May 30, 2023.
             Was a Follower of Vehumet.
             Engulfed by a cloud of steam (12 damage)
             ... in a bailey.
             The game lasted 00:22:30 (10201 turns).

Minorbread the Conjurer (DrFE)                     Turns: 10201, Time: 00:22:31

Health: 0/74       AC: 13    Str: 11    XL:     9   Next: 11%
Magic:  4/16       EV: 12    Int: 24    God:    Vehumet [*.....]
Gold:   353        SH:  0    Dex: 13    Spells: 11/18 levels left

rFire   . . .        p - staff of conjuration "Saewnug" {Int+4 Dex+2}
rCold   + . .        (no shield)
rNeg    . . .        (body armour unavailable)
rPois   +            E - +2 hat
rElec   .            G - +2 cloak {rPois}
rCorr   +            (no gloves)
SInv    .            f - +0 pair of boots
Will    .....        (no amulet)
Stlth   ++           b - ring of flight
HPRegen 0.32/turn    C - ring of protection from cold
MPRegen 0.15/turn

%: no passive effects
@: short of breath, flying
A: spit acid, AC +7, unfitting armour, cold-blooded, acid resistance
a: Breathe Acid, Renounce Religion


You were in a bailey.
You worshipped Vehumet.
Vehumet was aware of your devotion.
You visited 2 branches of the dungeon, and saw 8 of its levels.
You also visited: Sewer and Bailey.

You collected 353 gold pieces.

Inventory:

Hand Weapons
 F - a +0 spear
Missiles
 y - a throwing net
Armour
 f - a +0 pair of boots (worn)
 k - a +0 cloak
 E - a +2 hat (worn)
 G - a +2 cloak of poison resistance (worn)
Magical Staves
 p - the staff of conjuration "Saewnug" (weapon) {Int+4 Dex+2}
   (You found it on level 2 of the Dungeon)

   [staff of conjuration]

   Base accuracy: +5 Base damage: 5 Base attack delay: 1.2 This weapon's minimum
   attack delay (0.6) is reached at skill level 12.
   Int:       It affects your intelligence (+4).
   Dex:       It affects your dexterity (+2).
   It falls into the 'Staves' category.
   It is a one-handed weapon.
Jewellery
 b - a ring of flight (left hand)
 n - an amulet of the acrobat
 C - a ring of protection from cold (right hand)
Wands
 B - a wand of charming (3)
Scrolls
 g - 3 scrolls of enchant weapon
 h - 2 scrolls of teleportation
 j - 3 scrolls of enchant armour
 l - a scroll of vulnerability
 o - 5 scrolls of immolation
 t - 2 scrolls of poison
 u - a scroll of magic mapping
 v - 2 scrolls of fog {unknown}
 w - 3 scrolls of identify
 x - 2 scrolls of blinking {unknown}
 D - a scroll of silence {unknown}
Potions
 a - 2 potions of magic
 c - a potion of berserk rage {unknown}
 d - 7 potions of flight
 e - a potion of might {unknown}
 i - a potion of attraction {unknown}
 m - 4 potions of heal wounds {unknown}
 q - 6 potions of mutation
 r - 2 potions of lignification {unknown}
 s - a potion of brilliance {unknown}
 z - a potion of curing {unknown}
 A - a potion of haste {unknown}


   Skills:
 - Level 5.0 Fighting
 - Level 1.9 Dodging
 - Level 2.0 Stealth
 - Level 5.0 Spellcasting
 + Level 7.2 Conjurations
 + Level 7.2 Fire Magic


You had 11 spell levels left.
You knew the following spells:

 Your Spells              Type           Power      Damage    Failure   Level
a - Foxfire               Conj/Fire      100%       2x1d9     1%          1
b - Scorch                Fire           80%        2d8       1%          2
c - Flame Wave            Conj/Fire      57%        2d14      4%          4

Your spell library contained the following spells:

 Spells                   Type           Power      Damage    Failure   Level
 Freeze                   Ice            24%        1d4       9%          1
 Hailstorm                Conj/Ice       35%        3d9       6%          3
 Inner Flame              Hex/Fire       23%        N/A       6%          3
 Volatile Blastmotes      Fire/Tloc      46%        2d13      6%          3
 Ice Form                 Ice/Tmut       6%         N/A       65%         4
 Olgreb's Toxic Radiance  Pois           6%         N/A       65%         4
 Simulacrum               Ice/Necr       3%         N/A       100%        6
 Discord                  Hex            3%         N/A       100%        8
 Ignition                 Fire           20%        3d7       100%        8


Dungeon Overview and Level Annotations

Branches:
Dungeon (7/15)             Temple (1/1) D:5           Sewer (visited)
 Bailey (1/1)

Altars:
Kikubaaqudgha
Sif Muna
Vehumet
Wu Jian
Xom
Zin

Annotations:
D:5 2 transporters, ChinnyChinChin's ghost, novice OpTm


Innate Abilities, Weirdness & Mutations

You can spit globs of acid.
Your golden yellow scales are hard. (AC +7)
You cannot fit into any form of body armour.
You are cold-blooded and may be slowed by cold attacks.
You are resistant to acid. (rCorr)


Message History

The gargoyle hurls a stone arrow at you.
The stone arrow hits you!!
Casting: Scorch (safe; 1% risk of failure)
Press: ? - help, Q - select action, (/) - cycle Dir - look around, f - activate Flames lash the gargoyle but do no damage.
The gargoyle is engulfed in a cloud of scalding steam.
The gargoyle hurls a stone arrow at you.
The stone arrow hits you!!
* * * LOW HITPOINT WARNING * * *
Okay, then.
Okay, then.
Press: ? - help, Shift-Dir - straight line, f - gargoyle
Aim: a gargoyle, wielding a +0 dire flail (steam, water, moderately damaged, more vulnerable to fire, 83% to hit)
You spit a glob of acid.
The glob of acid hits the gargoyle.
The gargoyle is moderately damaged.
The gargoyle is engulfed in a cloud of scalding steam.
Casting: Scorch (safe; 1% risk of failure)
Press: ? - help, Q - select action, (/) - cycle Dir - look around, f - activate
Okay, then.
Casting: Scorch (safe; 1% risk of failure)
Confirm with . or Enter, or press ? or * to list all spells.
Casting: Flame Wave (dangerous; 4% risk of failure)
Press: ? - help, Dir - look around, f - activate You feel a surge of power!
A wave of flame ripples out!
The flame wave engulfs the gargoyle!
The gargoyle is burned terribly!
The gargoyle is almost destroyed. (Press . to intensify the flame waves.)
The gargoyle is no longer more vulnerable to fire.
The gargoyle hits you with a +0 dire flail!
* * * LOW HITPOINT WARNING * * *
A wave of flame ripples out!
The flame wave engulfs the gargoyle but does no damage.
The gargoyle is almost destroyed.
The gargoyle closely misses you.
A wave of flame ripples out!
The flame wave engulfs the gargoyle!
You destroy the gargoyle!
Vehumet accepts your kill.
You smell burning wood.
You finish channelling waves of flame.
You are engulfed in a cloud of scalding steam.
You die...

#...#..#....)...##....♣
#.).#.)##+#####'#.....♣♣
#...#.)##.......#....8.♣♣♣
#...#..##.......#....8.≈≈♣
#...#..########'#.....≈≈≈♣
♣♣♣#####..#.............≈≈≈♣♣
♣≈≈≈≈≈≈#..#§§§§§§≈≈≈≈≈≈≈≈≈♣♣
♣≈≈≈≈≈≈#..#§§§§§§≈≈≈≈≈≈≈♣♣♣
♣♣#....#..#§§@)#♣♣♣♣♣♣♣♣♣
##..........## ###......###
#........# #..∩..∩..#
##......## ########


There were no monsters in sight!

Vanquished Creatures
  A gargoyle (Bailey)
  A sky beast (D:6)
  3 black bears
  An ice beast (D:6)
  Blork the orc (D:4)
  4 scorpions
  A howler monkey (D:4)
  7 vampire bats (Bailey)
  8 wolf zombies (Bailey)
  3 hounds
  2 orc priests
  A jelly (D:6)
  A gnoll bouda (D:5)
  Natasha (D:3)
  An iguana (D:6)
  4 orc wizards
  Robin (D:2)
  12 gnolls
  7 adders
  4 river rats (Sewer)
  A shadow imp (D:6)
  2 ufetubi
  3 worms
  3 dart slugs
  7 orcs
  13 bats
  11 endoplasms
  7 giant cockroaches
  15 goblins
  2 hobgoblins
  2 jackals (Sewer)
  5 quokkas
  9 ball pythons
  4 frilled lizards
  3 kobolds
  17 orc zombies (Bailey)
  3 rats (D:1)
171 creatures vanquished.

Vanquished Creatures (others)
  20 foxfires (D:1)
20 creatures vanquished.

Grand Total: 191 creatures vanquished

Notes
Turn   | Place    | Note
-------+----------+-------------------------------------------
     0 | D:1      | Minorbread the Draconian Fire Elementalist began the quest
                  | for the Orb.
     0 | D:1      | Reached XP level 1. HP: 14/14 MP: 3/3
   336 | D:1      | Reached XP level 2. HP: 20/20 MP: 3/5
   339 | D:1      | Learned a level 2 spell: Scorch
   494 | D:1      | Found a faded altar of an unknown god.
  1018 | D:2      | Reached XP level 3. HP: 26/26 MP: 4/7
  1117 | D:2      | Found an ornate altar of the Wu Jian Council.
  1210 | D:2      | Identified the +0 helmet of Love and Death {rPois rCorr
                  | MP+9 Str-2}
  1210 | D:2      | Noticed Robin
  1278 | D:2      | Killed Robin
  1291 | D:2      | Identified the staff of conjuration "Saewnug" {Int+4 Dex+2}
  1946 | D:3      | Reached XP level 4. HP: 33/33 MP: 0/9
  2435 | D:3      | Noticed Natasha
  2442 | D:3      | Killed Natasha
  2983 | D:4      | Noticed Blork the orc
  3056 | D:4      | Reached XP level 5. HP: 38/38 MP: 6/11
  3159 | D:4      | Killed Blork the orc
  3160 | D:4      | Reached skill level 5 in Spellcasting
  3607 | D:4      | Reached XP level 6. HP: 44/45 MP: 6/13
  4974 | D:5      | Entered Level 5 of the Dungeon
  4982 | D:5      | Your scales start taking on a golden yellow colour.
  4982 | D:5      | Reached XP level 7. HP: 50/50 MP: 9/14
  4982 | D:5      | Gained mutation: You are resistant to acid. (rCorr) [Yellow
                  | Draconian growth]
  4987 | D:5      | Learned a level 4 spell: Flame Wave
  5031 | D:5      | Reached skill level 5 in Fire Magic
  5286 | D:5      | Found a glowing drain.
  5296 | Sewer    | Entered a sewer
  5421 | Sewer    | Reached skill level 5 in Conjurations
  5672 | Sewer    | Reached skill level 1 in Fighting
  6657 | D:5      | Found a transporter.
  6658 | D:5      | Noticed ChinnyChinChin's ghost (novice OpTm)
  6744 | D:5      | Found a transporter.
  6753 | D:5      | Found a staircase to the Ecumenical Temple.
  6775 | Temple   | Entered the Ecumenical Temple
  6780 | Temple   | Became a worshipper of Vehumet
  7500 | D:6      | Reached XP level 8. HP: 66/66 MP: 6/15
  8412 | D:6      | Found a glowing silver altar of Zin.
  8472 | D:6      | Reached skill level 5 in Fighting
  8533 | D:6      | Found an ancient bone altar of Kikubaaqudgha.
  9051 | D:7      | Found a flagged portal.
  9090 | Bailey   | Entered a bailey
  9685 | Bailey   | Reached * piety under Vehumet
  9685 | Bailey   | Offered knowledge of Freeze by Vehumet.
  9686 | Bailey   | Reached XP level 9. HP: 74/74 MP: 10/16
 10152 | Bailey   | Noticed a gargoyle
 10201 | Bailey   | Killed a gargoyle
 10201 | Bailey   | Engulfed by a cloud of steam

Illustrated notes

Levels and vault maps discovered:
D:1:      mrwooster_arrival_arrow, layout_basic,
          shapermc_ecumenical_altar_ellora
D:2:      layout_basic, basic_altar, uniq_robin
D:3:      layout_basic, minmay_misc_feat_ornament, uniq_natasha
D:4:      layout_layer_cave, uniq_blork_the_orc
D:5:      layout_basic, minmay_temple_entry_overgrown, portal_sewer_entry_d,
          gammafunk_ghost_stat_death, nicolae_titane
D:6:      layout_basic, mainiacjoe_overflow_catch_the_wave, serial_bayou_pond_c
D:7:      layout_gridville, chequers_temple_overflow_statue_of_worship,
          enter_bailey_2, nicolae_alphabet_shops, columned_hall_lemuel
Temple:   nicolae_temple_bog_church
Bailey:   bailey_polearm_vampire_castle_hellmonk, bailey

Skill      XL: |  1  2  3  4  5  6  7  8 |
---------------+-------------------------+-----
Stealth        | 2 |  2.0
Spellcasting   | 3 4 5 |  5.0
Conjurations   | 2 3 5 7 |  7.2
Fire Magic     | 4 5 7 |  7.2
Fighting       | 4 5 |  5.0
Dodging        | |  1.9

Action                     |  1- 3 |  4- 6 |  7- 9 || total
---------------------------+-------+-------+-------++-------
  Melee: Dagger            |    51 |       |       ||    51
         Tailslap          |     7 |     1 |     3 ||    11
         Staff             |     1 |    19 |    12 ||    32
         Spear             |       |       |    42 ||    42
   Cast: Foxfire           |    12 |       |       ||    12
         Scorch            |    30 |    64 |   179 ||   273
         Flame Wave        |       |       |     2 ||     2
Ability: Breathe Acid      |       |       |     4 ||     4
    Use: Scroll            |       |     8 |     2 ||    10
         Potion            |       |       |     1 ||     1
 Armour: Skin              |    22 |     8 |    30 ||    60
  Dodge: Dodged            |    42 |    38 |    69 ||   149
